 Dungeon Crawl Stone Soup version 0.29.1-12-g30fa7ad0bf (webtiles) character file.

Game seed: 4919460815598232113

141 nachturnus the Slasher (level 5, -8/38 HPs)
             Began as a Human Gladiator on Jan 3, 2023.
             Was an Initiate of Dithmenos.
             Killed by divine providence
             ... invoked by an orc priest
              (12 damage)
             ... on level 3 of the Dungeon.
             The game lasted 00:07:44 (2796 turns).

nachturnus the Slasher (Human Gladiator)            Turns: 2796, Time: 00:07:44

Health: -8/38      AC:  3    Str: 15 (16) XL:     5   Next: 48%
Magic:  5/5        EV: 11    Int:  8      God:    Dithmenos [......]
Gold:   83         SH:  0    Dex: 15      Spells: 4/4 levels left

rFire   . . .      SeeInvis .   a - +1 long sword
rCold   . . .      Faith    .   (no shield)
rNeg    . . .      Spirit   .   f - +0 ring mail
rPois   .          Reflect  .   c - +0 helmet
rElec   .          Harm     .   (no cloak)
rCorr   .          Rampage  .   (no gloves)
Will    .....                   (no boots)
Stlth   +.........              (no amulet)
HPRegen 0.12/turn               (no ring)
MPRegen 0.09/turn               (no ring)

@: no status effects
A: deformed body, deterioration 1, wild magic 1
a: Renounce Religion


You were on level 3 of the Dungeon.
You worshipped Dithmenos.
Dithmenos was noncommittal.
You visited 1 branch of the dungeon, and saw 3 of its levels.
You also visited: Sewer.

You collected 83 gold pieces.

Inventory:

Hand Weapons
 a - a +1 long sword (weapon)
Missiles
 d - 3 throwing nets (quivered)
 e - a javelin
Armour
 c - a +0 helmet (worn)
 f - a +0 ring mail (worn)
Wands
 m - a wand of paralysis (7)
Scrolls
 b - 2 scrolls of enchant armour {unknown}
 h - 2 scrolls of blinking
 k - 3 scrolls of magic mapping {unknown}
 l - a scroll of immolation {unknown}
Potions
 g - 2 potions of haste {unknown}
 i - a potion of invisibility {unknown}
 j - 3 potions of cancellation {unknown}
 n - a potion of curing {unknown}


   Skills:
 - Level 2.1 Fighting
 + Level 5.5 Long Blades
 - Level 2.1 Throwing
 - Level 3.1 Dodging


You had 4 spell levels left.
You didn't know any spells.
Your spell library was empty.

Dungeon Overview and Level Annotations

Branches:
Dungeon (3/15)              Sewer (visited)

Altars:
Dithmenos

Shops:
D:2 [


Innate Abilities, Weirdness & Mutations

Armour fits poorly on your strangely shaped body.
Your body sometimes deteriorates upon taking damage.
Your spells are a little harder to cast, but a little more powerful.


Message History

You slash the orc wizard!
The orc wizard is severely wounded.
You slash the orc!
You kill the orc!
Dithmenos accepts your kill. The orc wizard misses you.
The orc wizard closely misses you.
You barely miss the orc priest. The orc hits you but does no damage.
The orc wizard misses you.
The orc priest mumbles some strange prayers to Beogh against you.
Beogh smites you!
You hit the orc priest.
The orc priest is moderately wounded.
The orc hits you but does no damage.
The orc wizard hits you with a +0 dagger.
The orc priest hits you but does no damage.
The orc priest calls upon Beogh to heal the orc priest.
The orc priest's wounds heal themselves!
You closely miss the orc priest. The orc hits you with a +0 whip.
The orc wizard completely misses you.
The orc priest hits you with a +0 flail!
You hit the orc priest.
The orc priest is lightly wounded.
The orc hits you with a +0 whip.
* * * LOW HITPOINT WARNING * * *
The orc wizard closely misses you.
The orc priest hits you with a +0 flail.
* * * LOW HITPOINT WARNING * * *
You closely miss the orc priest.
The orc priest is lightly wounded.
The orc closely misses you. The orc wizard barely misses you.
The orc priest closely misses you.
You hit the orc priest.
The orc priest is moderately wounded.
The orc hits you with a +0 whip.
* * * LOW HITPOINT WARNING * * *
The orc wizard hits you with a +0 dagger.
* * * LOW HITPOINT WARNING * * *
The orc priest calls down the wrath of Beogh upon you.
Beogh smites you!
You die...

#.##..).####
######.#
#.####..#### #.#
#..........# #.#
####.##.##.# #.#
#.##.##.##### ..#
####.##....<...#
.##
.§§#.#####..#######
.
.§§..#####..#8.#o.#
§§§.........#.oo@.#
###.######..#..#o.#
..#.# ##.####.####
#.#.# #.#.......#
....# #.......(.#
....# #.######..#
#.#.# #.# .#..#
#.#.# ..# .#..# #..
...# # .#


You could see 2 orc priests, an orc wizard and an orc.

Vanquished Creatures
  A hound (D:2)
  A hell rat (Sewer)
  2 worms
  2 dart slugs
  An orc (D:3)
  9 ball pythons
  5 bats
  5 endoplasms
  5 giant cockroaches
  9 goblins
  5 hobgoblins
  2 jackals (D:1)
  5 kobolds
  2 quokkas (D:1)
  2 frilled lizards (D:2)
  18 rats
74 creatures vanquished.

Notes
Turn   | Place    | Note
-------+----------+-------------------------------------------
     0 | D:1      | nachturnus the Human Gladiator began the quest for the Orb.
     0 | D:1      | Reached XP level 1. HP: 16/16 MP: 1/1
    85 | D:1      | Reached XP level 2. HP: 19/22 MP: 2/2
   218 | D:1      | HP: 1/22 [hobgoblin (2)]
   561 | D:1      | Reached XP level 3. HP: 26/27 MP: 3/3
   789 | D:1      | Reached skill level 4 in Long Blades
  1236 | D:2      | Found Ryaj's Antique Armour Shoppe.
  1453 | D:2      | Reached XP level 4. HP: 32/33 MP: 4/4
  1903 | D:2      | Reached skill level 5 in Long Blades
  2156 | D:2      | Gained mutation: Your system is resistant to poisons.
                  | (rPois) [potion of mutation]
  2156 | D:2      | Gained mutation: You are occasionally teleported next to
                  | monsters. [potion of mutation]
  2156 | D:2      | Lost mutation: You are occasionally teleported next to
                  | monsters. [potion of mutation]
  2164 | D:2      | Lost mutation: Your system is resistant to poisons. (rPois)
                  | [potion of mutation]
  2164 | D:2      | Gained mutation: You have a pair of small antennae on your
                  | head. [potion of mutation]
  2164 | D:2      | Lost mutation: You have a pair of small antennae on your
                  | head. [potion of mutation]
  2165 | D:2      | Gained mutation: Your spells are a little easier to cast,
                  | but a little less powerful. [potion of mutation]
  2165 | D:2      | Gained mutation: Your body sometimes deteriorates upon
                  | taking damage. [potion of mutation]
  2165 | D:2      | Gained mutation: You have large cloven feet. [potion of
                  | mutation]
  2184 | D:3      | Reached XP level 5. HP: 38/38 MP: 5/5
  2187 | D:3      | Found a shadowy altar of Dithmenos.
  2201 | D:3      | Became a worshipper of Dithmenos the Shadowed
  2382 | D:3      | Found a glowing drain.
  2403 | Sewer    | Entered a sewer
  2669 | Sewer    | Lost mutation: You have large cloven feet. [potion of
                  | mutation]
  2669 | Sewer    | Lost mutation: Your spells are a little easier to cast, but
                  | a little less powerful. [potion of mutation]
  2669 | Sewer    | Gained mutation: Armour fits poorly on your strangely
                  | shaped body. [potion of mutation]
  2669 | Sewer    | Gained mutation: Your spells are a little harder to cast,
                  | but a little more powerful. [potion of mutation]
  2796 | D:3      | Killed from afar by an orc priest

Illustrated notes

Levels and vault maps discovered:
D:1:      psy_arrival_conway, layout_rooms
D:2:      layout_basic, serial_shops, shop, kennysheep_generic_room_10
D:3:      layout_loops_cross, grunt_dithmenos_smoke, marbit_many_paths,
          portal_sewer_entry_c, shapermc_ecumenical_altar_mp_vishouse,
          uniq_sigmund

Skill      XL: |  1  2  3  4 |
---------------+-------------+-----
Long Blades    | 4 5 |  5.5
Fighting       | |  2.1
Throwing       | |  2.1
Dodging        | |  3.1

Action                   |  1- 3 |  4- 6 || total
-------------------------+-------+-------++-------
Melee: Long sword        |   111 |    97 ||   208
       Kick              |       |    10 ||    10
  Use: Scroll            |       |     4 ||     4
       Potion            |       |     4 ||     4
Armor: Ring mail         |    94 |    34 ||   128
Dodge: Dodged            |    95 |    51 ||   146
